 Dungeon Crawl Stone Soup version 0.29-a0-998-g1987434951 (webtiles) character file.

Game seed: 6477187404551860470

8551 manyhoops the Grappler (level 10, -3/81 HPs)
             Began as a Demigod Transmuter on Aug 5, 2022.
             Slain by a red ugly thing (19 damage)
             ... on level 12 of the Dungeon on Sept 6, 2022.
             The game lasted 00:21:33 (12956 turns).

manyhoops the Grappler (Demigod Transmuter)        Turns: 12956, Time: 00:21:34

Health: -3/81      AC:  9    Str: 23    XL:     10   Next: 87%
Magic:  14/20      EV: 12    Int: 15    God:
Gold:   627        SH:  5    Dex: 14    Spells: 5/17 levels left

rFire   . . .      SeeInvis .     - Unarmed
rCold   + . .      Faith    .   (no shield)
rNeg    . . .      Spirit   .   H - +0 steam dragon scales
rPois   .          Reflect  +   b - +0 helmet
rElec   .          Harm     .   (no cloak)
rCorr   .          Rampage  .   o - +1 pair of gloves
Will    ++...                   e - +0 pair of boots
Stlth   +.........              k - amulet of reflection
HPRegen 0.23/turn               p - ring of willpower
MPRegen 0.17/turn               d - ring of protection from cold

@: studying Axes
A: high MP 1, forlorn, divine attributes
a: no special abilities


You were on level 12 of the Dungeon.
You visited 1 branch of the dungeon, and saw 12 of its levels.

You collected 627 gold pieces.

Inventory:

Missiles
 i - 5 throwing nets
Armour
 a - a +0 robe
 b - a +0 helmet (worn)
 e - a +0 pair of boots (worn)
 o - a +1 pair of gloves (worn)
 D - a +1 robe of cold resistance
 H - +0 steam dragon scales (worn)
Magical Staves
 r - a staff of cold
Jewellery
 d - a ring of protection from cold (right hand)
 k - an amulet of reflection (around neck)
 p - a ring of willpower (left hand)
 x - an amulet of regeneration
 E - a ring of protection from cold
Wands
 B - a wand of polymorph (8)
 C - a wand of roots (23)
 F - a wand of mindburst (11)
 G - a wand of charming (11)
Scrolls
 g - 3 scrolls of enchant armour
 h - 3 scrolls of butterflies
 j - 4 scrolls of vulnerability
 l - 2 scrolls of blinking
 t - 5 scrolls of teleportation
 u - a scroll of noise
 w - 2 scrolls of enchant weapon
 y - a scroll of poison
 z - 5 scrolls of amnesia
 I - 4 scrolls of identify
 K - a scroll of fear {unknown}
Potions
 c - a potion of haste
 f - 2 potions of brilliance
 m - 2 potions of mutation
 n - 5 potions of flight
 q - 3 potions of curing
 s - 2 potions of might {unknown}
 v - 3 potions of berserk rage
 A - 2 potions of attraction
 J - 2 potions of magic {unknown}


   Skills:
 * Level 5.3 Fighting
 - Level 1.7 Dodging
 + Level 11.8 Unarmed Combat
 - Level 4.3 Spellcasting
 - Level 6.3 Transmutations
 - Level 5.7 Ice Magic


You had 5 spell levels left.
You knew the following spells:

 Your Spells              Type           Power      Damage    Failure   Level
a - Beastly Appendage     Tmut           44%        N/A       1%          1
b - Wereblood             Tmut           22%        N/A       1%          2
c - Ice Form              Ice/Tmut       21%        N/A       14%         4
d - Frozen Ramparts       Ice            40%        1d12      4%          3
e - Blink                 Tloc           6%         N/A       26%         2

Your spell library contained the following spells:

 Spells                   Type           Power      Damage    Failure   Level
 Spider Form              Tmut/Pois      12%        N/A       14%         3
 Hailstorm                Conj/Ice       11%        3d5       47%         4
 Summon Ice Beast         Ice/Summ       11%        N/A       47%         4
 Airstrike                Air            1%         2d(1-17)  86%         4
 Summon Lightning Spire   Summ/Air       3%         N/A       86%         4
 Lightning Bolt           Conj/Air       1%         1d12      99%         5
 Manifold Assault         Tloc           3%         N/A       99%         5
 Summon Forest            Summ/Tloc      1%         N/A       99%         5
 Summon Mana Viper        Hex/Summ       3%         N/A       99%         5
 Simulacrum               Ice/Necr       5%         N/A       100%        6
 Summon Cactus Giant      Summ           1%         N/A       100%        6
 Storm Form               Tmut/Air       6%         N/A       100%        7


Dungeon Overview and Level Annotations

Branches:
Dungeon (11/15)            Temple (0/1) D:7            Lair (0/5) D:9
    Orc: D:9-12

Annotations:
D:9 2 transporters, wilfster70's ghost, novice GrEE


Innate Abilities, Weirdness & Mutations

You have an increased reservoir of magic. (+10% MP)
You shall have no god before yourself.
Your divine heritage dramatically boosts your attributes as you level up.


Message History

Unknown command.
You barely miss the brown ugly thing.
The brown ugly thing is almost dead.
Your primal bloodlust has ended.
The wall freezes the brown ugly thing.
You kill the brown ugly thing!
The wall freezes the red ugly thing but does no damage.
You hit the red ugly thing.
The red ugly thing is lightly wounded.
Unknown command.
You hit the red ugly thing. You punch the red ugly thing.
The red ugly thing is lightly wounded.
The wall freezes the red ugly thing!
The red ugly thing punches you but does no damage.
Unknown command.
You hit the red ugly thing but do no damage.
The red ugly thing is moderately wounded.
The wall freezes the red ugly thing.
The red ugly thing punches you.
You are engulfed in flames!
* * * LOW HITPOINT WARNING * * *
Unknown command.
You are too injured to fight recklessly!
You punch the red ugly thing!
The red ugly thing is heavily wounded.
The frozen ramparts melt away.
You block the red ugly thing's attack.
You closely miss the red ugly thing.
The red ugly thing is heavily wounded.
The red ugly thing punches you but does no damage.
You punch the red ugly thing! x2
The red ugly thing is almost dead.
You barely miss the red ugly thing.
You punch the red ugly thing, but do no damage.
The red ugly thing is almost dead.
The red ugly thing closely misses you.
You hit the red ugly thing.
The red ugly thing is almost dead.
The red ugly thing punches you!
* * * LOW HITPOINT WARNING * * *
You are engulfed in flames!!
You die...

..................
..................
..########........
..########........
..................
..................
########..........
#u##########
#####@..........
..................
..................
.#######..########
######..#
........#########.
..................
..................
####..............


You could see a red ugly thing.

Vanquished Creatures
  A two-headed ogre (D:9)
  An ugly thing (D:12)
  Joseph (D:8)
  A troll (D:12)
  A wraith (D:9)
  16 yaks
  A wyvern (D:9)
  A steam dragon (D:8)
  2 acid dragons
  A water moccasin (D:6)
  An orc warrior (D:9)
  2 ice beasts (D:6)
  3 sky beasts
  2 black bears
  An ogre (D:4)
  5 centaurs
  2 phantoms
  6 kobold brigands
  Blork the orc (D:5)
  6 bullfrogs
  3 gnoll sergeants
  A necrophage (D:7)
  A scorpion (D:6)
  7 wights
  A howler monkey (D:9)
  3 hounds
  A gnoll bouda (D:4)
  4 orc priests
  6 iguanas
  5 orc wizards
  Robin (D:3)
  22 gnolls
  11 adders
  3 river rats (D:6)
  An ufetubus (D:6)
  3 worms
  2 dart slugs
  28 orcs
  11 endoplasms
  7 giant cockroaches
  11 hobgoblins
  2 jackals (D:3)
  6 quokkas
  8 ball pythons
  10 bats
  4 frilled lizards
  14 goblins
  27 kobolds
  6 rats
264 creatures vanquished.

Notes
Turn   | Place    | Note
-------+----------+-------------------------------------------
     0 | D:1      | manyhoops the Demigod Transmuter began the quest for the
                  | Orb.
     0 | D:1      | Reached XP level 1. HP: 15/15 MP: 5/5
    58 | D:1      | Reached skill level 3 in Unarmed Combat
   461 | D:1      | Reached XP level 2. HP: 22/22 MP: 5/7
   621 | D:1      | Reached skill level 1 in Fighting
   840 | D:2      | Learned a level 2 spell: Wereblood
   884 | D:2      | Reached XP level 3. HP: 22/28 MP: 5/8
  1082 | D:2      | Reached skill level 4 in Unarmed Combat
  1922 | D:3      | Reached XP level 4. HP: 17/35 MP: 9/9
  2436 | D:3      | Reached skill level 5 in Unarmed Combat
  2875 | D:3      | Noticed Robin
  2893 | D:3      | Killed Robin
  2894 | D:3      | Reached XP level 5. HP: 36/40 MP: 7/10
  3127 | D:4      | Learned a level 4 spell: Ice Form
  3166 | D:4      | Noticed a yak
  4234 | D:4      | Reached XP level 6. HP: 45/51 MP: 8/11
  4274 | D:4      | Reached skill level 1 in Ice Magic
  4740 | D:4      | Killed a yak
  4922 | D:5      | Entered Level 5 of the Dungeon
  4945 | D:5      | Reached XP level 7. HP: 36/57 MP: 9/12
  5257 | D:5      | Noticed Blork the orc
  5275 | D:5      | Killed Blork the orc
  6393 | D:6      | Reached skill level 5 in Transmutations
  6479 | D:6      | Reached XP level 8. HP: 63/63 MP: 11/15
  6859 | D:6      | Reached skill level 5 in Ice Magic
  7031 | D:6      | Learned a level 3 spell: Frozen Ramparts
  8332 | D:7      | Learned a level 2 spell: Blink
  8495 | D:7      | Reached skill level 6 in Unarmed Combat
  8495 | D:7      | Reached XP level 9. HP: 61/69 MP: 14/19
  8503 | D:7      | Reached skill level 7 in Unarmed Combat
  8688 | D:7      | Reached skill level 8 in Unarmed Combat
  8982 | D:7      | Found a staircase to the Ecumenical Temple.
  9361 | D:8      | Noticed Joseph
  9373 | D:8      | Killed Joseph
  9374 | D:8      | Reached skill level 9 in Unarmed Combat
 10211 | D:8      | Reached XP level 10. HP: 45/78 MP: 15/20
 10985 | D:9      | Found a transporter.
 10986 | D:9      | Noticed a cyclops
 10987 | D:9      | Noticed a two-headed ogre
 10989 | D:9      | Noticed wilfster70's ghost (novice GrEE)
 11014 | D:9      | Noticed a two-headed ogre
 11022 | D:9      | Killed a two-headed ogre
 11023 | D:9      | Reached skill level 10 in Unarmed Combat
 11177 | D:9      | Found a transporter.
 11180 | D:9      | Found a staircase to the Lair.
 11242 | D:9      | Noticed a salamander
 11463 | D:9      | Noticed a deep troll
 11571 | D:10     | Entered Level 10 of the Dungeon
 11591 | D:10     | Reached skill level 11 in Unarmed Combat
 12646 | D:10     | Reached skill level 5 in Fighting
 12873 | D:11     | You fall into a shaft and drop 1 floor!
 12928 | D:12     | Noticed a brown ugly thing
 12942 | D:12     | Noticed a red ugly thing
 12947 | D:12     | Killed a brown ugly thing
 12956 | D:12     | Slain by a red ugly thing

Illustrated notes

Levels and vault maps discovered:
D:1:      saegor_arrival_simple_a, layout_rooms,
          hellmonk_ecumenical_altar_leap_of_faith
D:2:      layout_loops_ring
D:3:      layout_basic, kennysheep_okawaru_gauntlet,
          minmay_randomly_rotated_circles, uniq_robin
D:4:      layout_cave_pods, minmay_manual_monstrance
D:5:      layout_cave_pools, kennysheep_little_box,
          nicolae_overflow_hidden_temple, uniq_blork_the_orc
D:6:      layout_basic, portal_sewer_entry_e, minmay_starry_boxes
D:7:      layout_rooms, mainiacjoe_overflow_paths, minmay_temple_entry_grid
D:8:      layout_loops_ring, grunt_temple_overflow_forces_of_nature,
          kennysheep_generic_room_16, uniq_joseph
D:9:      layout_cave_pools, lair_entry_dummy, gammafunk_ghost_arena,
          serial_bayou_crossing
D:10:     layout_cave_pods
D:11:     layout_big_octagon, david_orc_2, uniq_gastronok
D:12:     layout_long_grid, uniq_urug

Skill      XL: |  1  2  3  4  5  6  7  8  9 10 |
---------------+-------------------------------+-----
Unarmed Combat | 3 4 5 6 9 11 | 11.8
Fighting       | 1 3 5 |  5.3
Transmutations | 2 3 5 6 |  6.3
Ice Magic      | 3 4 5 |  5.7
Spellcasting   | 2 4 |  4.3
Dodging        | |  1.7

Action                   |  1- 3 |  4- 6 |  7- 9 | 10-12 || total
-------------------------+-------+-------+-------+-------++-------
Melee: Unarmed           |   102 |   203 |   357 |   129 ||   791
       Kick              |    24 |    39 |    68 |     4 ||   135
       Headbutt          |    13 |    29 |    28 |     4 ||    74
       Punch             |     4 |     7 |    13 |    11 ||    35
 Cast: Beastly Appendage |    28 |    39 |    32 |     2 ||   101
       Wereblood         |       |     7 |    13 |     4 ||    24
       Frozen Ramparts   |       |       |    15 |    11 ||    26
  Use: Scroll            |     2 |     3 |    10 |       ||    15
       Potion            |       |     3 |     3 |     1 ||     7
 Stab: Sleeping          |     1 |       |     2 |       ||     3
       Distracted        |       |       |     1 |       ||     1
Armor: Robe              |    15 |    48 |    61 |       ||   124
       Skin              |       |    13 |    11 |       ||    24
       Steam dragon scal |       |       |    15 |    29 ||    44
Dodge: Dodged            |    49 |   112 |   148 |    61 ||   370
Block: Other             |       |    35 |    87 |    20 ||   142
       Reflection        |       |     1 |     2 |     1 ||     4

Table legend: (Time is in decaauts)
 A = Elapsed time spent in this place.
 B = Non-inter-level travel time spent in this place.
 C = Inter-level travel time spent in this place.
 D = Time resting spent in this place.
 E = Time spent auto-exploring this place.
 F = Levels seen in this place.
 G = Mean time per level.
                   A        B        C        D        E       F      G
               +--------+--------+--------+--------+--------+-----+--------+
         Total |  12846 |  12518 |    328 |   1572 |   8821 |  12 | 1070.5 |
       Dungeon |  12846 |  12518 |    328 |   1572 |   8821 |  12 | 1070.5 |
               +--------+--------+--------+--------+--------+-----+--------+

Top non-repeatable levels by time:
     D:6: 1930 daAuts
     D:4: 1808 daAuts
     D:8: 1687 daAuts
     D:3: 1636 daAuts
    D:10: 1268 daAuts
     D:2: 1060 daAuts
     D:5: 994 daAuts
     D:7: 851 daAuts
     D:1: 826 daAuts
     D:9: 700 daAuts
    D:12: 75 daAuts
    D:11: 5 daAuts
